ANAHEIM vs DALLAS

Created - January 4, 2021 at 07:07

Goals
1 2 3 OT1 SO T
ANAHEIM 0 1 1 0 2 2
DALLAS 2 0 0 0 3 3
Shots
1 2 3 OT1 SO T
ANAHEIM 7 12 10 2 4 31
DALLAS 12 6 4 7 4 29

1st period

1. DALLAS , Jakob Chychrun 1 (Mikko Rantanen 1) at 7:18
2. DALLAS , Pavel Zacha 1 (Travis Konecny 1, Brady Skjei 1) at 10:19

Penalties :
Kasperi Kapanen (DAL) for Holding (Minor) at 7:25, Anton Stralman (ANA) for Hooking (Minor) at 10:43, Kasperi Kapanen (DAL) for Fighting (Major) at 13:48, Joel Edmundson (ANA) for Fighting (Major) at 13:48, Joel Edmundson (ANA) for instigated a fight (Game Misconduct) at 13:48, Timo Meier (DAL) for Tripping (Minor) at 18:03

2nd period

3. ANAHEIM , Jake McCabe 1 (Connor McDavid 3, Cam Talbot) at 12:50 (PP)

Penalties :
Charlie McAvoy (DAL) for Hooking (Minor) at 0:33, Adam Boqvist (DAL) for Hooking (Minor) at 11:32, Jakob Chychrun (DAL) for Hooking (Minor) at 12:32, Ilya Mikheyev (DAL) for Hooking (Minor) at 14:34, Mike Green (ANA) for Slashing (Minor) at 19:43

3rd period

4. ANAHEIM , Pierre-Luc Dubois 1 (Michael Frolik 1, Nate Thompson 1) at 17:00

Penalties :
Kasperi Kapanen (DAL) for Holding (Minor) at 2:06, Jake McCabe (ANA) for Roughing (Minor) at 2:06, Timo Meier (DAL) for Roughing (Minor) at 12:19

Overtime #1

No Goal

Penalties :
No Penalty

Shootout

ANAHEIM, Connor McDavid - Shot Misses the Net
DALLAS, Auston Matthews - Stopped by Cam Talbot
ANAHEIM, Evgeny Kuznetsov - Goal!
DALLAS, Mikko Rantanen - Goal!
ANAHEIM, Pierre-Luc Dubois - Goal!
DALLAS, Timo Meier - Goal!
ANAHEIM, Jason Zucker - Stopped by Ben Bishop
DALLAS, Evgenii Dadonov - Goal!

Penalties :
No Penalty

Goalie Stats

Cam Talbot (ANA), 27 saves from 29 shots - (0.931), OTL, 1-0-1, 65:00 minutes
Ben Bishop (DAL), 29 saves from 31 shots - (0.935), W, 1-0-0, 65:00 minutes

Players Stats for ANAHEIM

Player Name              G  A  P  +/- PIM S  H  SB GA TA FO     MP     PP MP  PK MP  
------------------------------------------------------------------------------------
Andreas Athanasiou       0  0  0   0  0   3  1  0  0  0  0/1    21:31   5:17   0:00 
Andrew Shaw              0  0  0   0  0   0  0  0  0  0  0/0     1:20   1:02   0:00 
Anton Stralman           0  0  0   1  2   1  0  0  0  0  0/0    27:54   7:04   2:15 
C.J. Smith               0  0  0   0  0   1  0  0  0  0  0/0     1:41   0:00   0:00 
Casey Nelson             0  0  0  -1  0   0  0  1  0  0  0/0    17:27   1:25   2:56 
Chris Wagner             0  0  0   0  0   0  0  0  0  0  3/5     4:51   0:53   0:00 
Connor McDavid           0  1  1  -2  0   7  2  0  0  0  14/39  26:10   7:07   4:23 
Evgeny Kuznetsov         0  0  0   0  0   4  0  1  0  0  12/25  27:31   5:47   4:12 
Jake McCabe              1  0  1  -1  2   1  2  3  0  0  0/0    25:02   5:43   3:01 
Jason Zucker             0  0  0  -2  0   2  0  1  0  0  0/1    20:22   6:44   1:34 
Joel Edmundson           0  0  0   0  17  0  0  1  0  0  0/0     5:38   0:53   1:00 
Michael Frolik           0  1  1   1  0   1  0  0  0  0  0/1    15:16   0:03   0:11 
Mike Green               0  0  0   0  2   1  2  3  0  0  0/0    24:30   5:57   0:45 
Nate Thompson            0  1  1   1  0   2  2  1  0  0  4/5    13:55   0:00   0:00 
Patric Hornqvist         0  0  0  -2  0   0  6  0  0  0  0/1    18:23   6:44   0:00 
Pierre-Luc Dubois        1  0  1   1  0   4  1  0  0  0  7/15   14:13   0:00   1:34 
Trevor van Riemsdyk      0  0  0  -1  0   2  0  3  0  0  0/0    22:35   4:46   1:57 
Zach Sanford             0  0  0   0  0   2  0  0  0  0  0/1    18:41   5:05   0:00 

Players Stats for DALLAS

Player Name              G  A  P  +/- PIM S  H  SB GA TA FO     MP     PP MP  PK MP  
------------------------------------------------------------------------------------
Adam Boqvist             0  0  0   0  2   0  4  2  0  0  0/0    16:03   0:00   1:43 
Alex Tuch                0  0  0   0  0   2  3  0  0  0  6/10   14:57   0:00   2:28 
Auston Matthews          0  0  0   0  0   2  0  0  0  0  32/44  25:56   3:31   7:47 
Brady Skjei              0  1  1   1  0   2  3  1  0  0  0/0    25:21   3:36   6:57 
Charlie McAvoy           0  0  0   1  2   3  1  2  0  0  0/0    24:55   3:36   5:46 
Denis Gurianov           0  0  0   0  0   1  0  0  0  0  0/0     5:37   0:00   0:00 
Evgenii Dadonov          0  0  0   1  0   1  0  0  0  0  1/2    18:41   2:26   4:33 
Ilya Mikheyev            0  0  0   0  2   2  0  0  0  0  0/0     9:55   0:00   0:00 
Jakob Chychrun           1  0  1   0  2   1  0  0  0  0  0/0    21:08   2:21   5:02 
Kasperi Kapanen          0  0  0   0  9   3  1  0  0  0  1/1    11:00   0:00   0:00 
Kirby Dach               0  0  0   0  0   0  0  0  0  0  2/8     5:37   0:00   0:00 
Lawson Crouse            0  0  0   0  0   1  2  0  0  0  0/3     8:52   0:00   0:00 
Mikko Rantanen           0  1  1   0  0   2  1  0  0  0  2/2    24:47   3:31   7:22 
Nikita Zaitsev           0  0  0   0  0   4  0  5  0  0  0/0    24:49   2:21   6:14 
Pavel Zacha              1  0  1   1  0   4  0  0  0  0  9/18   16:19   2:26   0:00 
Quinn Hughes             0  0  0   0  0   0  2  1  0  0  0/0    12:41   0:00   0:05 
Timo Meier               0  0  0   0  4   0  1  0  0  0  0/5    19:04   3:31   3:20 
Travis Konecny           0  1  1   1  0   1  2  0  0  0  1/1    13:58   2:26   0:00 

3 Stars

1 - Pavel Zacha (DAL)
2 - Pierre-Luc Dubois (ANA)
3 - Brady Skjei (DAL)

Power Play

ANAHEIM - 1 on 7 Attempt(s) - 14.29%
DALLAS - 0 on 3 Attempt(s) - 0.00%

Penalty Kill

ANAHEIM - 3 on 3 Attempt(s) - 100.00% - Score 0 goal in Penalty Kill
DALLAS - 6 on 7 Attempt(s) - 85.71% - Score 0 goal in Penalty Kill

Team Stat

ANAHEIM - Hits : 16 - Faceoff Wins : 40 - Blocked Shots : 14 - Penalty Minutes : 23
DALLAS - Hits : 20 - Faceoff Wins : 54 - Blocked Shots : 11 - Penalty Minutes : 21

Official

Referees : Justin St. Pierre and Chris Rooney
Linesman : Brandon Gawryletz and Matt Brady

Game Notes

Kasperi Kapanen and Joel Edmundson fight to a draw at 13:48 of 1st period
Joel Edmundson ejected from game at 13:48 of 1st period

Finance

Level 1 -- Attendance: 4151 (69.18%) -- Ticket Income $415,100
Level 2 -- Attendance: 2755 (55.10%) -- Ticket Income $220,400
Level 3 -- Attendance: 946 (47.30%) -- Ticket Income $56,760
Level 4 -- Attendance: 2381 (59.53%) -- Ticket Income $71,430
Luxury Box -- Attendance: 1000 (100.00%) -- Ticket Income $120,000
Game was played at the American Airlines Center.
Total Attendance: 11233 (62.41%)
Total Ticket Income: $883,690
Total Income: $883,690

ANAHEIM

5 vs 5 Forward 
   Center                   Left Wing                Right Wing               Time % Phy DF OF 
 1 Connor McDavid           Jason Zucker             Patric Hornqvist         35     1   2  2  
 2 Evgeny Kuznetsov         Andreas Athanasiou       Zach Sanford             30     1   2  2  
 3 Pierre-Luc Dubois        Michael Frolik           Nate Thompson            25     1   2  2  
 4 Nate Thompson            C.J. Smith               Connor McDavid           10     1   2  2  

5 vs 5 Defense 
   Defense                  Defense                                           Time % Phy DF OF 
 1 Anton Stralman           Joel Edmundson                                    35     1   2  2  
 2 Jake McCabe              Trevor van Riemsdyk                               30     1   2  2  
 3 Mike Green               Casey Nelson                                      25     1   2  2  
 4 Anton Stralman           Joel Edmundson                                    10     1   2  2  

PowerPlay Forward 
   Center                   Left Wing                Right Wing               Time % Phy DF OF 
 1 Connor McDavid           Jason Zucker             Patric Hornqvist         60     1   2  2  
 2 Evgeny Kuznetsov         Andreas Athanasiou       Zach Sanford             40     1   2  2  

PowerPlay Defense
   Defense                  Defense                                           Time % Phy DF OF 
 1 Anton Stralman           Joel Edmundson                                    60     1   2  2  
 2 Jake McCabe              Trevor van Riemsdyk                               40     1   2  2  

Penalty Kill 4 Players Forward 
   Center                   Wing                     Time % Phy DF OF 
 1 Connor McDavid           Evgeny Kuznetsov         60     1   2  2  
 2 Pierre-Luc Dubois        Jason Zucker             40     1   2  2  

Penalty Kill 4 Players Defense
   Defense                  Defense                  Time % Phy DF OF 
 1 Anton Stralman           Joel Edmundson           60     1   2  2  
 2 Jake McCabe              Trevor van Riemsdyk      40     1   2  2  

Penalty Kill - 3 Players Forward 
   Forward                                           Time % Phy DF OF 
 1 Connor McDavid                                    60     1   2  2  
 2 Evgeny Kuznetsov                                  40     1   2  2  

Penalty Kill - 3 Players Defense
   Defense                  Defense                  Time % Phy DF OF 
 1 Anton Stralman           Joel Edmundson           60     1   2  2  
 2 Jake McCabe              Trevor van Riemsdyk      40     1   2  2  

4 vs 4 Forward 
   Center                   Wing                     Time % Phy DF OF 
 1 Connor McDavid           Evgeny Kuznetsov         60     1   2  2  
 2 Pierre-Luc Dubois        Jason Zucker             40     1   2  2  

4 vs 4 Defense
   Defense                  Defense                  Time % Phy DF OF 
 1 Anton Stralman           Joel Edmundson           60     1   2  2  
 2 Jake McCabe              Trevor van Riemsdyk      40     1   2  2  

Last Minutes Offensive
   Center                   Left Wing                Right Wing               Defense                  Defense                  
   Connor McDavid           Jason Zucker             Patric Hornqvist         Anton Stralman           Joel Edmundson           

Last Minutes Defensive
   Center                   Left Wing                Right Wing               Defense                  Defense                  
   Connor McDavid           Jason Zucker             Patric Hornqvist         Anton Stralman           Joel Edmundson           

Goaltenders
Starting : Cam Talbot               
Backup : Juuse Saros              

Extra Forwards
Normal : Andrew Shaw, Chris Wagner, Michael Frolik - PP : Andrew Shaw, Chris Wagner - PK : Michael Frolik
Extra Defensemen
Normal : Mike Green, Casey Nelson, Jake McCabe - PP : Mike Green - PK : Casey Nelson, Jake McCabe
Penalty Shots
Connor McDavid, Evgeny Kuznetsov, Pierre-Luc Dubois, Jason Zucker, Patric Hornqvist

Scratches
None

DALLAS

5 vs 5 Forward 
   Center                   Left Wing                Right Wing               Time % Phy DF OF 
 1 Auston Matthews          Mikko Rantanen           Timo Meier               35     1   2  2  
 2 Pavel Zacha              Evgenii Dadonov          Travis Konecny           30     1   2  2  
 3 Alex Tuch                Kasperi Kapanen          Ilya Mikheyev            25     1   2  2  
 4 Kirby Dach               Lawson Crouse            Denis Gurianov           10     1   2  2  

5 vs 5 Defense 
   Defense                  Defense                                           Time % Phy DF OF 
 1 Charlie McAvoy           Brady Skjei                                       35     1   2  2  
 2 Nikita Zaitsev           Jakob Chychrun                                    30     1   2  2  
 3 Quinn Hughes             Adam Boqvist                                      25     1   2  2  
 4 Charlie McAvoy           Brady Skjei                                       10     1   2  2  

PowerPlay Forward 
   Center                   Left Wing                Right Wing               Time % Phy DF OF 
 1 Auston Matthews          Mikko Rantanen           Timo Meier               60     1   2  2  
 2 Pavel Zacha              Evgenii Dadonov          Travis Konecny           40     1   2  2  

PowerPlay Defense
   Defense                  Defense                                           Time % Phy DF OF 
 1 Charlie McAvoy           Brady Skjei                                       60     1   2  2  
 2 Nikita Zaitsev           Jakob Chychrun                                    40     1   2  2  

Penalty Kill 4 Players Forward 
   Center                   Wing                     Time % Phy DF OF 
 1 Auston Matthews          Mikko Rantanen           60     1   2  2  
 2 Timo Meier               Evgenii Dadonov          40     1   2  2  

Penalty Kill 4 Players Defense
   Defense                  Defense                  Time % Phy DF OF 
 1 Charlie McAvoy           Brady Skjei              60     1   2  2  
 2 Nikita Zaitsev           Jakob Chychrun           40     1   2  2  

Penalty Kill - 3 Players Forward 
   Forward                                           Time % Phy DF OF 
 1 Auston Matthews                                   60     1   2  2  
 2 Mikko Rantanen                                    40     1   2  2  

Penalty Kill - 3 Players Defense
   Defense                  Defense                  Time % Phy DF OF 
 1 Charlie McAvoy           Brady Skjei              60     1   2  2  
 2 Nikita Zaitsev           Jakob Chychrun           40     1   2  2  

4 vs 4 Forward 
   Center                   Wing                     Time % Phy DF OF 
 1 Auston Matthews          Mikko Rantanen           60     1   2  2  
 2 Timo Meier               Evgenii Dadonov          40     1   2  2  

4 vs 4 Defense
   Defense                  Defense                  Time % Phy DF OF 
 1 Charlie McAvoy           Brady Skjei              60     1   2  2  
 2 Nikita Zaitsev           Jakob Chychrun           40     1   2  2  

Last Minutes Offensive
   Center                   Left Wing                Right Wing               Defense                  Defense                  
   Auston Matthews          Mikko Rantanen           Timo Meier               Charlie McAvoy           Brady Skjei              

Last Minutes Defensive
   Center                   Left Wing                Right Wing               Defense                  Defense                  
   Auston Matthews          Mikko Rantanen           Timo Meier               Charlie McAvoy           Brady Skjei              

Goaltenders
Starting : Ben Bishop               
Backup : Ilya Samsonov            

Extra Forwards
Normal : Ilya Mikheyev, Kasperi Kapanen, Alex Tuch - PP : Ilya Mikheyev, Kasperi Kapanen - PK : Alex Tuch
Extra Defensemen
Normal : Quinn Hughes, Adam Boqvist, Nikita Zaitsev - PP : Quinn Hughes - PK : Adam Boqvist, Nikita Zaitsev
Penalty Shots
Auston Matthews, Mikko Rantanen, Timo Meier, Evgenii Dadonov, Travis Konecny

Scratches
Jason Spezza (Healthy), Vladimir Sobotka (Healthy)

% Time on Ice - ANAHEIM

Lines # - Real PCT - Wanted PCT - Time Play
Normal Forward
1 - 30% - 35% - 11:39
2 - 35% - 30% - 13:36
3 - 31% - 25% - 12:14
4 - 4% - 10% - 1:41
Normal Defense
1 - 42% - 35% - 16:16
2 - 34% - 30% - 13:27
3 - 22% - 25% - 8:48
4 - 2% - 10% - 0:39
PP Forward
1 - 55% - 60% - 7:07
2 - 45% - 40% - 5:47
PP Defense
1 - 66% - 60% - 8:29
2 - 34% - 40% - 4:25
PK Forward
1 - 74% - 60% - 4:23
2 - 26% - 40% - 1:34
PK Defense
1 - 67% - 60% - 4:00
2 - 33% - 40% - 1:57
PK3 Forward
1 - 0% - 60%
2 - 0% - 40%
PK3 Defense
1 - 0% - 60%
2 - 0% - 40%
44 Forward
1 - 79% - 60% - 1:34
2 - 21% - 40% - 0:25
44 Defense
1 - 71% - 60% - 1:25
2 - 29% - 40% - 0:34
Last Minute Offensive  - 0:00
Last Minute Defensive  - 0:00
Total
Forward - 60:00
Defense - 60:00

% Time on Ice - DALLAS

Lines # - Real PCT - Wanted PCT - Time Play
Normal Forward
1 - 31% - 35% - 12:05
2 - 29% - 30% - 11:32
3 - 25% - 25% - 9:56
4 - 14% - 10% - 5:37
Normal Defense
1 - 35% - 35% - 13:37
2 - 33% - 30% - 12:56
3 - 30% - 25% - 11:50
4 - 2% - 10% - 0:47
PP Forward
1 - 59% - 60% - 3:31
2 - 41% - 40% - 2:26
PP Defense
1 - 61% - 60% - 3:36
2 - 39% - 40% - 2:21
PK Forward
1 - 64% - 60% - 8:03
2 - 36% - 40% - 4:33
PK Defense
1 - 53% - 60% - 6:44
2 - 47% - 40% - 5:52
PK3 Forward
1 - 100% - 60% - 0:18
2 - 0% - 40% - 0:00
PK3 Defense
1 - 0% - 60% - 0:00
2 - 100% - 40% - 0:18
44 Forward
1 - 92% - 60% - 1:49
2 - 8% - 40% - 0:10
44 Defense
1 - 59% - 60% - 1:10
2 - 41% - 40% - 0:49
Last Minute Offensive  - 0:00
Last Minute Defensive  - 0:00
Total
Forward - 60:00
Defense - 60:00

Play-by-Play

1st period


0:01 of 1st period - Connor McDavid wins face-off versus Auston Matthews in neutral zone.
0:13 of 1st period - Shot by Auston Matthews.
0:13 of 1st period - Deflect By Mikko Rantanen.
0:13 of 1st period - Stopped by Cam Talbot with a rebound.
0:15 of 1st period - Shot by Mikko Rantanen.
0:15 of 1st period - Shot Misses the Net.
0:17 of 1st period - Shot by Brady Skjei.
0:17 of 1st period - Shot Blocked by Jason Zucker.
0:19 of 1st period - Shot by Brady Skjei.
0:19 of 1st period - Stopped by Cam Talbot without a rebound.
0:20 of 1st period - Pavel Zacha wins face-off versus Evgeny Kuznetsov in ANAHEIM zone.
0:59 of 1st period - Shot by Pavel Zacha.
0:59 of 1st period - Shot Misses the Net.
1:10 of 1st period - Icing by Nikita Zaitsev.
1:11 of 1st period - Pavel Zacha wins face-off versus Pierre-Luc Dubois in DALLAS zone.
1:31 of 1st period - Shot by Pierre-Luc Dubois.
1:31 of 1st period - Shot Blocked by Nikita Zaitsev.
1:49 of 1st period - Shot by Ilya Mikheyev.
1:49 of 1st period - Stopped by Cam Talbot without a rebound.
1:50 of 1st period - Auston Matthews wins face-off versus Connor McDavid in ANAHEIM zone.
3:11 of 1st period - Shot by Kasperi Kapanen.
3:11 of 1st period - Stopped by Cam Talbot with a rebound.
3:13 of 1st period - Shot by Quinn Hughes.
3:13 of 1st period - Shot Blocked by Trevor van Riemsdyk.
3:15 of 1st period - Shot by Alex Tuch.
3:15 of 1st period - Stopped by Cam Talbot without a rebound.
3:16 of 1st period - Pierre-Luc Dubois wins face-off versus Kirby Dach in ANAHEIM zone.
3:36 of 1st period - Icing by Jakob Chychrun.
3:37 of 1st period - Nate Thompson wins face-off versus Kirby Dach in DALLAS zone.
3:54 of 1st period - Jake McCabe is hit by Lawson Crouse and loses puck.
4:10 of 1st period - Icing by Trevor van Riemsdyk.
4:11 of 1st period - Nate Thompson wins face-off versus Timo Meier in ANAHEIM zone.
4:44 of 1st period - Shot by Andreas Athanasiou.
4:44 of 1st period - Shot Misses the Net.
4:54 of 1st period - Shot by Evgeny Kuznetsov.
4:54 of 1st period - Stopped by Ben Bishop without a rebound.
4:55 of 1st period - Alex Tuch wins face-off versus Connor McDavid in DALLAS zone.
4:55 of 1st period - Alex Tuch is hit by Patric Hornqvist.
5:16 of 1st period - Icing by Adam Boqvist.
5:17 of 1st period - Evgeny Kuznetsov wins face-off versus Alex Tuch in DALLAS zone.
5:24 of 1st period - Shot by Zach Sanford.
5:24 of 1st period - Shot Misses the Net.
6:08 of 1st period - Shot by Evgenii Dadonov.
6:08 of 1st period - Shot Blocked by Joel Edmundson.
6:43 of 1st period - Icing by Nikita Zaitsev.
6:44 of 1st period - Auston Matthews wins face-off versus Connor McDavid in DALLAS zone.
6:46 of 1st period - Icing by Mikko Rantanen.
6:47 of 1st period - Auston Matthews wins face-off versus Connor McDavid in DALLAS zone.
7:16 of 1st period - Shot by Jakob Chychrun.
7:16 of 1st period - Shot Misses the Net.
7:18 of 1st period - Shot by Jakob Chychrun.
7:18 of 1st period - Goal by Jakob Chychrun - ANAHEIM : 0 - DALLAS : 1.
7:19 of 1st period - Alex Tuch wins face-off versus Pierre-Luc Dubois in neutral zone.
7:25 of 1st period - Minor Penalty to Kasperi Kapanen for Holding.
7:26 of 1st period - Connor McDavid wins face-off versus Auston Matthews in DALLAS zone.
8:12 of 1st period - Icing by Joel Edmundson.
8:13 of 1st period - Evgeny Kuznetsov wins face-off versus Timo Meier in ANAHEIM zone.
9:13 of 1st period - Shot by Connor McDavid.
9:13 of 1st period - Shot Blocked by Charlie McAvoy.
9:15 of 1st period - Shot by Trevor van Riemsdyk.
9:15 of 1st period - Stopped by Ben Bishop without a rebound.
9:16 of 1st period - Evgeny Kuznetsov wins face-off versus Timo Meier in DALLAS zone.
9:30 of 1st period - Icing by Lawson Crouse.
9:31 of 1st period - Pierre-Luc Dubois wins face-off versus Kirby Dach in DALLAS zone.
9:34 of 1st period - Shot by Michael Frolik.
9:34 of 1st period - Shot Blocked by Quinn Hughes.
9:43 of 1st period - Lawson Crouse is hit by Mike Green.
9:47 of 1st period - Shot by Denis Gurianov.
9:47 of 1st period - Shot Blocked by Mike Green.
9:56 of 1st period - Kirby Dach is hit by Mike Green and loses puck.
10:05 of 1st period - Shot by Lawson Crouse.
10:05 of 1st period - Deflect By Denis Gurianov.
10:05 of 1st period - Stopped by Cam Talbot without a rebound.
10:06 of 1st period - Connor McDavid wins face-off versus Pavel Zacha in ANAHEIM zone.
10:12 of 1st period - Connor McDavid is hit by Brady Skjei and loses puck.
10:19 of 1st period - Shot by Travis Konecny.
10:19 of 1st period - Deflect By Pavel Zacha.
10:19 of 1st period - Goal by Pavel Zacha - ANAHEIM : 0 - DALLAS : 2.
10:20 of 1st period - Auston Matthews wins face-off versus Andreas Athanasiou in neutral zone.
10:43 of 1st period - Minor Penalty to Anton Stralman for Hooking.
10:44 of 1st period - Connor McDavid wins face-off versus Pavel Zacha in ANAHEIM zone.
11:24 of 1st period - Shot by Connor McDavid.
11:24 of 1st period - Stopped by Ben Bishop without a rebound.
11:25 of 1st period - Auston Matthews wins face-off versus Pierre-Luc Dubois in DALLAS zone.
11:25 of 1st period - Timo Meier is hit by Pierre-Luc Dubois and loses puck.
11:47 of 1st period - Shot by Trevor van Riemsdyk.
11:47 of 1st period - Stopped by Ben Bishop without a rebound.
11:48 of 1st period - Auston Matthews wins face-off versus Connor McDavid in DALLAS zone.
11:59 of 1st period - Shot by Brady Skjei.
11:59 of 1st period - Shot Misses the Net.
12:01 of 1st period - Shot by Auston Matthews.
12:01 of 1st period - Shot Misses the Net.
12:03 of 1st period - Shot by Charlie McAvoy.
12:03 of 1st period - Stopped by Cam Talbot with a rebound.
12:20 of 1st period - Icing by Auston Matthews.
12:21 of 1st period - Auston Matthews wins face-off versus Pierre-Luc Dubois in DALLAS zone.
12:55 of 1st period - Icing by Jake McCabe.
12:56 of 1st period - Nate Thompson wins face-off versus Pavel Zacha in ANAHEIM zone.
13:27 of 1st period - Shot by Travis Konecny.
13:27 of 1st period - Deflect By Evgenii Dadonov.
13:27 of 1st period - Shot Misses the Net.
13:29 of 1st period - Shot by Nikita Zaitsev.
13:29 of 1st period - Shot Blocked by Nate Thompson.
13:31 of 1st period - Shot by Jakob Chychrun.
13:31 of 1st period - Shot Blocked by Trevor van Riemsdyk.
13:33 of 1st period - Shot by Nikita Zaitsev.
13:33 of 1st period - Stopped by Cam Talbot without a rebound.
13:34 of 1st period - Connor McDavid wins face-off versus Alex Tuch in ANAHEIM zone.
13:48 of 1st period - Kasperi Kapanen and Joel Edmundson fight to a draw.
13:48 of 1st period - Penalty to Kasperi Kapanen for Fighting.
13:48 of 1st period - Penalty to Joel Edmundson for Fighting.
13:48 of 1st period - Penalty to Joel Edmundson for instigated a fight.
13:48 of 1st period - Joel Edmundson is ejected from game.
13:49 of 1st period - Evgeny Kuznetsov wins face-off versus Auston Matthews in neutral zone.
14:50 of 1st period - Shot by Jakob Chychrun.
14:50 of 1st period - Shot Misses the Net.
14:52 of 1st period - Shot by Nikita Zaitsev.
14:52 of 1st period - Stopped by Cam Talbot without a rebound.
14:53 of 1st period - Pavel Zacha wins face-off versus Jason Zucker in ANAHEIM zone.
15:35 of 1st period - Shot by Auston Matthews.
15:35 of 1st period - Shot Blocked by Jake McCabe.
15:37 of 1st period - Shot by Charlie McAvoy.
15:37 of 1st period - Shot Blocked by Mike Green.
15:39 of 1st period - Shot by Auston Matthews.
15:39 of 1st period - Shot Blocked by Jake McCabe.
15:41 of 1st period - Shot by Brady Skjei.
15:41 of 1st period - Shot Blocked by Mike Green.
15:43 of 1st period - Shot by Brady Skjei.
15:43 of 1st period - Shot Misses the Net.
15:45 of 1st period - Shot by Brady Skjei.
15:45 of 1st period - Stopped by Cam Talbot without a rebound.
15:46 of 1st period - Pierre-Luc Dubois wins face-off versus Auston Matthews in ANAHEIM zone.
16:53 of 1st period - Shot by Connor McDavid.
16:53 of 1st period - Stopped by Ben Bishop without a rebound.
16:54 of 1st period - Evgeny Kuznetsov wins face-off versus Pavel Zacha in DALLAS zone.
17:30 of 1st period - Icing by Nikita Zaitsev.
17:31 of 1st period - Connor McDavid wins face-off versus Pavel Zacha in DALLAS zone.
17:34 of 1st period - Shot by Patric Hornqvist.
17:34 of 1st period - Shot Misses the Net.
17:51 of 1st period - Icing by Mike Green.
17:52 of 1st period - Auston Matthews wins face-off versus Connor McDavid in ANAHEIM zone.
18:03 of 1st period - Minor Penalty to Timo Meier for Tripping.
18:04 of 1st period - Evgeny Kuznetsov wins face-off versus Auston Matthews in DALLAS zone.
18:15 of 1st period - Shot by Andreas Athanasiou.
18:15 of 1st period - Shot Misses the Net.
18:17 of 1st period - Shot by Mike Green.
18:17 of 1st period - Stopped by Ben Bishop without a rebound.
18:18 of 1st period - Connor McDavid wins face-off versus Auston Matthews in DALLAS zone.
18:43 of 1st period - Shot by Connor McDavid.
18:43 of 1st period - Stopped by Ben Bishop without a rebound.
18:44 of 1st period - Auston Matthews wins face-off versus Evgeny Kuznetsov in DALLAS zone.
19:39 of 1st period - Shot by Connor McDavid.
19:39 of 1st period - Shot Misses the Net.
19:59 of 1st period - Casey Nelson is hit by Alex Tuch and loses puck.
Goals for this period are 0 for ANAHEIM vs 2 for DALLAS.
Shots for this period are 7 for ANAHEIM vs 12 for DALLAS.

2nd period


0:01 of 2nd period - Auston Matthews wins face-off versus Connor McDavid in neutral zone.
0:32 of 2nd period - Shot by Zach Sanford.
0:32 of 2nd period - Shot Misses the Net.
0:33 of 2nd period - Minor Penalty to Charlie McAvoy for Hooking.
0:34 of 2nd period - Auston Matthews wins face-off versus Connor McDavid in DALLAS zone.
0:55 of 2nd period - Shot by Connor McDavid.
0:55 of 2nd period - Shot Blocked by Nikita Zaitsev.
1:40 of 2nd period - Shot by Evgeny Kuznetsov.
1:40 of 2nd period - Deflect By Andreas Athanasiou.
1:40 of 2nd period - Shot Misses the Net.
1:42 of 2nd period - Shot by Zach Sanford.
1:42 of 2nd period - Shot Blocked by Brady Skjei.
2:06 of 2nd period - Shot by Jake McCabe.
2:06 of 2nd period - Shot Misses the Net.
2:08 of 2nd period - Shot by Andreas Athanasiou.
2:08 of 2nd period - Stopped by Ben Bishop with a rebound.
2:48 of 2nd period - Michael Frolik is hit by Charlie McAvoy and loses puck.
3:18 of 2nd period - Off-side.
3:19 of 2nd period - Connor McDavid wins face-off versus Kirby Dach in neutral zone.
3:24 of 2nd period - Shot by Connor McDavid.
3:24 of 2nd period - Stopped by Ben Bishop without a rebound.
3:25 of 2nd period - Auston Matthews wins face-off versus Connor McDavid in DALLAS zone.
3:31 of 2nd period - Icing by Jakob Chychrun.
3:32 of 2nd period - Auston Matthews wins face-off versus Evgeny Kuznetsov in DALLAS zone.
4:05 of 2nd period - Icing by Anton Stralman.
4:06 of 2nd period - Pavel Zacha wins face-off versus Zach Sanford in ANAHEIM zone.
4:13 of 2nd period - Shot by Evgenii Dadonov.
4:13 of 2nd period - Stopped by Cam Talbot with a rebound.
4:20 of 2nd period - Icing by Brady Skjei.
4:21 of 2nd period - Evgenii Dadonov wins face-off versus Patric Hornqvist in DALLAS zone.
4:21 of 2nd period - Evgenii Dadonov is hit by Patric Hornqvist.
4:31 of 2nd period - Shot by Connor McDavid.
4:31 of 2nd period - Shot Misses the Net.
4:33 of 2nd period - Shot by Jake McCabe.
4:33 of 2nd period - Shot Misses the Net.
4:35 of 2nd period - Shot by Connor McDavid.
4:35 of 2nd period - Stopped by Ben Bishop without a rebound.
4:36 of 2nd period - Mikko Rantanen wins face-off versus Michael Frolik in DALLAS zone.
5:14 of 2nd period - Icing by Adam Boqvist.
5:15 of 2nd period - Auston Matthews wins face-off versus Connor McDavid in DALLAS zone.
5:15 of 2nd period - Auston Matthews is hit by Connor McDavid.
5:18 of 2nd period - Mikko Rantanen is hit by Patric Hornqvist and loses puck.
5:51 of 2nd period - Brady Skjei is hit by Connor McDavid and loses puck.
6:30 of 2nd period - Jason Zucker is hit by Kasperi Kapanen and loses puck.
6:37 of 2nd period - Nikita Zaitsev is hit by Patric Hornqvist and loses puck.
7:56 of 2nd period - Shot by Michael Frolik.
7:56 of 2nd period - Shot Misses the Net.
7:58 of 2nd period - Shot by Nate Thompson.
7:58 of 2nd period - Stopped by Ben Bishop with a rebound.
8:00 of 2nd period - Shot by Nate Thompson.
8:00 of 2nd period - Shot Misses the Net.
8:02 of 2nd period - Shot by Pierre-Luc Dubois.
8:02 of 2nd period - Stopped by Ben Bishop without a rebound.
8:03 of 2nd period - Auston Matthews wins face-off versus Evgeny Kuznetsov in DALLAS zone.
9:27 of 2nd period - Shot by Travis Konecny.
9:27 of 2nd period - Stopped by Cam Talbot with a rebound.
10:00 of 2nd period - Off-side.
10:01 of 2nd period - Connor McDavid wins face-off versus Kirby Dach in neutral zone.
10:01 of 2nd period - Connor McDavid is hit by Lawson Crouse.
10:25 of 2nd period - Shot by Connor McDavid.
10:25 of 2nd period - Stopped by Ben Bishop without a rebound.
10:26 of 2nd period - Connor McDavid wins face-off versus Auston Matthews in DALLAS zone.
10:34 of 2nd period - Jason Zucker is hit by Quinn Hughes and loses puck.
10:46 of 2nd period - Icing by Casey Nelson.
10:47 of 2nd period - Alex Tuch wins face-off versus Connor McDavid in ANAHEIM zone.
11:06 of 2nd period - Shot by Alex Tuch.
11:06 of 2nd period - Shot Misses the Net.
11:08 of 2nd period - Shot by Charlie McAvoy.
11:08 of 2nd period - Stopped by Cam Talbot without a rebound.
11:09 of 2nd period - Auston Matthews wins face-off versus Evgeny Kuznetsov in ANAHEIM zone.
11:09 of 2nd period - Auston Matthews is hit by Jake McCabe.
11:14 of 2nd period - Mikko Rantanen is hit by Jake McCabe and loses puck.
11:32 of 2nd period - Minor Penalty to Adam Boqvist for Hooking.
11:33 of 2nd period - Evgeny Kuznetsov wins face-off versus Auston Matthews in DALLAS zone.
11:57 of 2nd period - Shot by Anton Stralman.
11:57 of 2nd period - Shot Misses the Net.
12:32 of 2nd period - Minor Penalty to Jakob Chychrun for Hooking.
12:33 of 2nd period - Connor McDavid wins face-off versus Auston Matthews in DALLAS zone.
12:38 of 2nd period - Shot by Anton Stralman.
12:38 of 2nd period - Stopped by Ben Bishop with a rebound.
12:50 of 2nd period - Shot by Jake McCabe.
12:50 of 2nd period - Goal by Jake McCabe - ANAHEIM : 1 - DALLAS : 2.
12:51 of 2nd period - Auston Matthews wins face-off versus Evgeny Kuznetsov in neutral zone.
13:08 of 2nd period - Shot by Andreas Athanasiou.
13:08 of 2nd period - Stopped by Ben Bishop without a rebound.
13:09 of 2nd period - Connor McDavid wins face-off versus Auston Matthews in DALLAS zone.
13:12 of 2nd period - Shot by Jason Zucker.
13:12 of 2nd period - Shot Misses the Net.
13:30 of 2nd period - Icing by Jason Zucker.
13:31 of 2nd period - Auston Matthews wins face-off versus Connor McDavid in ANAHEIM zone.
13:44 of 2nd period - Mikko Rantanen is hit by Patric Hornqvist and loses puck.
14:17 of 2nd period - Shot by Evgeny Kuznetsov.
14:17 of 2nd period - Stopped by Ben Bishop without a rebound.
14:18 of 2nd period - Auston Matthews wins face-off versus Evgeny Kuznetsov in DALLAS zone.
14:34 of 2nd period - Minor Penalty to Ilya Mikheyev for Hooking.
14:35 of 2nd period - Evgeny Kuznetsov wins face-off versus Timo Meier in DALLAS zone.
15:50 of 2nd period - Jason Zucker is hit by Mikko Rantanen and loses puck.
17:24 of 2nd period - Connor McDavid is hit by Adam Boqvist and loses puck.
17:27 of 2nd period - Shot by C.J. Smith.
17:27 of 2nd period - Stopped by Ben Bishop without a rebound.
17:28 of 2nd period - Pavel Zacha wins face-off versus Connor McDavid in DALLAS zone.
17:33 of 2nd period - Shot by Evgenii Dadonov.
17:33 of 2nd period - Shot Misses the Net.
17:35 of 2nd period - Shot by Pavel Zacha.
17:35 of 2nd period - Stopped by Cam Talbot without a rebound.
17:36 of 2nd period - Evgeny Kuznetsov wins face-off versus Evgenii Dadonov in ANAHEIM zone.
18:01 of 2nd period - Shot by Andreas Athanasiou.
18:01 of 2nd period - Shot Hit the Post.
18:31 of 2nd period - Icing by Jakob Chychrun.
18:32 of 2nd period - Auston Matthews wins face-off versus Connor McDavid in DALLAS zone.
19:07 of 2nd period - Shot by Mikko Rantanen.
19:07 of 2nd period - Stopped by Cam Talbot without a rebound.
19:08 of 2nd period - Pierre-Luc Dubois wins face-off versus Alex Tuch in ANAHEIM zone.
19:08 of 2nd period - Pierre-Luc Dubois is hit by Alex Tuch.
19:16 of 2nd period - Shot by Nate Thompson.
19:16 of 2nd period - Stopped by Ben Bishop without a rebound.
19:17 of 2nd period - Pavel Zacha wins face-off versus Pierre-Luc Dubois in DALLAS zone.
19:17 of 2nd period - Pavel Zacha is hit by Nate Thompson.
19:43 of 2nd period - Minor Penalty to Mike Green for Slashing.
19:44 of 2nd period - Mikko Rantanen wins face-off versus Connor McDavid in ANAHEIM zone.
19:54 of 2nd period - Shot by Mikko Rantanen.
19:54 of 2nd period - Shot Misses the Net.
19:56 of 2nd period - Shot by Nikita Zaitsev.
19:56 of 2nd period - Stopped by Cam Talbot without a rebound.
19:57 of 2nd period - Auston Matthews wins face-off versus Connor McDavid in ANAHEIM zone.
Goals for this period are 1 for ANAHEIM vs 0 for DALLAS.
Shots for this period are 12 for ANAHEIM vs 6 for DALLAS.

3rd period


0:01 of 3rd period - Auston Matthews wins face-off versus Connor McDavid in neutral zone.
0:31 of 3rd period - Icing by Auston Matthews.
0:32 of 3rd period - Auston Matthews wins face-off versus Evgeny Kuznetsov in DALLAS zone.
1:14 of 3rd period - Off-side.
1:15 of 3rd period - Pavel Zacha wins face-off versus Connor McDavid in neutral zone.
1:20 of 3rd period - Shot by Jakob Chychrun.
1:20 of 3rd period - Shot Misses the Net.
1:41 of 3rd period - Icing by Nikita Zaitsev.
1:42 of 3rd period - Travis Konecny wins face-off versus Pierre-Luc Dubois in DALLAS zone.
1:50 of 3rd period - Quinn Hughes is hit by Nate Thompson and loses puck.
2:06 of 3rd period - Minor Penalty to Kasperi Kapanen for Holding.
2:06 of 3rd period - Minor Penalty to Jake McCabe for Roughing.
2:07 of 3rd period - Auston Matthews wins face-off versus Connor McDavid in ANAHEIM zone.
2:28 of 3rd period - Shot by Auston Matthews.
2:28 of 3rd period - Stopped by Cam Talbot without a rebound.
2:29 of 3rd period - Auston Matthews wins face-off versus Connor McDavid in ANAHEIM zone.
2:44 of 3rd period - Shot by Auston Matthews.
2:44 of 3rd period - Shot Misses the Net.
3:05 of 3rd period - Icing by Jakob Chychrun.
3:06 of 3rd period - Auston Matthews wins face-off versus Pierre-Luc Dubois in DALLAS zone.
3:27 of 3rd period - Shot by Pierre-Luc Dubois.
3:27 of 3rd period - Stopped by Ben Bishop without a rebound.
3:28 of 3rd period - Auston Matthews wins face-off versus Connor McDavid in DALLAS zone.
4:12 of 3rd period - Off-side.
4:13 of 3rd period - Pierre-Luc Dubois wins face-off versus Pavel Zacha in neutral zone.
4:13 of 3rd period - Jake McCabe is hit by Travis Konecny and loses puck.
4:28 of 3rd period - Shot by Michael Frolik.
4:28 of 3rd period - Stopped by Ben Bishop with a rebound.
4:44 of 3rd period - Trevor van Riemsdyk is hit by Travis Konecny and loses puck.
5:24 of 3rd period - Shot by Jason Zucker.
5:24 of 3rd period - Stopped by Ben Bishop with a rebound.
5:31 of 3rd period - Icing by Brady Skjei.
5:32 of 3rd period - Kasperi Kapanen wins face-off versus Evgeny Kuznetsov in DALLAS zone.
5:45 of 3rd period - Shot by Zach Sanford.
5:45 of 3rd period - Stopped by Ben Bishop without a rebound.
5:46 of 3rd period - Pierre-Luc Dubois wins face-off versus Kirby Dach in DALLAS zone.
5:46 of 3rd period - Pierre-Luc Dubois is hit by Adam Boqvist.
5:50 of 3rd period - Shot by Pierre-Luc Dubois.
5:50 of 3rd period - Stopped by Ben Bishop without a rebound.
5:51 of 3rd period - Auston Matthews wins face-off versus Evgeny Kuznetsov in DALLAS zone.
5:51 of 3rd period - Auston Matthews is hit by Andreas Athanasiou.
6:11 of 3rd period - Zach Sanford is hit by Adam Boqvist.
6:41 of 3rd period - Connor McDavid is hit by Timo Meier and loses puck.
7:21 of 3rd period - Connor McDavid is hit by Brady Skjei and loses puck.
8:28 of 3rd period - Michael Frolik is hit by Alex Tuch and loses puck.
8:40 of 3rd period - Evgeny Kuznetsov is hit by Adam Boqvist.
8:44 of 3rd period - Shot by Evgeny Kuznetsov.
8:44 of 3rd period - Deflect By Zach Sanford.
8:44 of 3rd period - Stopped by Ben Bishop without a rebound.
8:45 of 3rd period - Nate Thompson wins face-off versus Timo Meier in DALLAS zone.
8:50 of 3rd period - Shot by Nate Thompson.
8:50 of 3rd period - Shot Misses the Net.
8:52 of 3rd period - Shot by Anton Stralman.
8:52 of 3rd period - Shot Misses the Net.
9:36 of 3rd period - Shot by Evgeny Kuznetsov.
9:36 of 3rd period - Stopped by Ben Bishop with a rebound.
9:38 of 3rd period - Shot by Trevor van Riemsdyk.
9:38 of 3rd period - Shot Misses the Net.
10:10 of 3rd period - Icing by Adam Boqvist.
10:11 of 3rd period - Pierre-Luc Dubois wins face-off versus Pavel Zacha in DALLAS zone.
10:11 of 3rd period - Pierre-Luc Dubois is hit by Quinn Hughes.
11:28 of 3rd period - Icing by Trevor van Riemsdyk.
11:29 of 3rd period - Kirby Dach wins face-off versus Evgeny Kuznetsov in ANAHEIM zone.
12:19 of 3rd period - Minor Penalty to Timo Meier for Roughing.
12:20 of 3rd period - Auston Matthews wins face-off versus Connor McDavid in DALLAS zone.
12:31 of 3rd period - Charlie McAvoy is hit by Patric Hornqvist.
12:44 of 3rd period - Off-side.
12:45 of 3rd period - Connor McDavid wins face-off versus Auston Matthews in neutral zone.
14:02 of 3rd period - Icing by Casey Nelson.
14:03 of 3rd period - Alex Tuch wins face-off versus Connor McDavid in ANAHEIM zone.
14:12 of 3rd period - Shot by Connor McDavid.
14:12 of 3rd period - Stopped by Ben Bishop without a rebound.
14:13 of 3rd period - Alex Tuch wins face-off versus Evgeny Kuznetsov in DALLAS zone.
14:42 of 3rd period - Shot by Lawson Crouse.
14:42 of 3rd period - Shot Misses the Net.
14:44 of 3rd period - Shot by Adam Boqvist.
14:44 of 3rd period - Shot Misses the Net.
14:50 of 3rd period - Shot by Lawson Crouse.
14:50 of 3rd period - Shot Hit the Post.
15:25 of 3rd period - Mike Green is hit by Brady Skjei and loses puck.
16:32 of 3rd period - Shot by Auston Matthews.
16:32 of 3rd period - Stopped by Cam Talbot without a rebound.
16:33 of 3rd period - Auston Matthews wins face-off versus Nate Thompson in ANAHEIM zone.
16:58 of 3rd period - Shot by Nate Thompson.
16:58 of 3rd period - Shot Blocked by Nikita Zaitsev.
17:00 of 3rd period - Shot by Michael Frolik.
17:00 of 3rd period - Deflect By Pierre-Luc Dubois.
17:00 of 3rd period - Goal by Pierre-Luc Dubois - ANAHEIM : 2 - DALLAS : 2.
17:01 of 3rd period - Alex Tuch wins face-off versus Evgeny Kuznetsov in neutral zone.
17:24 of 3rd period - Shot by Alex Tuch.
17:24 of 3rd period - Shot Misses the Net.
17:36 of 3rd period - Shot by Alex Tuch.
17:36 of 3rd period - Shot Blocked by Casey Nelson.
17:38 of 3rd period - Shot by Ilya Mikheyev.
17:38 of 3rd period - Stopped by Cam Talbot without a rebound.
17:39 of 3rd period - Auston Matthews wins face-off versus Connor McDavid in ANAHEIM zone.
18:02 of 3rd period - Shot by Connor McDavid.
18:02 of 3rd period - Shot Blocked by Nikita Zaitsev.
18:04 of 3rd period - Shot by Jason Zucker.
18:04 of 3rd period - Shot Misses the Net.
18:14 of 3rd period - Shot by Jason Zucker.
18:14 of 3rd period - Stopped by Ben Bishop without a rebound.
18:15 of 3rd period - Kirby Dach wins face-off versus Pierre-Luc Dubois in DALLAS zone.
18:24 of 3rd period - Shot by Charlie McAvoy.
18:24 of 3rd period - Stopped by Cam Talbot without a rebound.
18:25 of 3rd period - Evgeny Kuznetsov wins face-off versus Alex Tuch in ANAHEIM zone.
18:35 of 3rd period - Shot by Evgeny Kuznetsov.
18:35 of 3rd period - Shot Blocked by Charlie McAvoy.
18:45 of 3rd period - Shot by Evgeny Kuznetsov.
18:45 of 3rd period - Deflect By Andreas Athanasiou.
18:45 of 3rd period - Shot Misses the Net.
19:16 of 3rd period - Icing by Jake McCabe.
19:17 of 3rd period - Auston Matthews wins face-off versus Connor McDavid in ANAHEIM zone.
19:18 of 3rd period - Shot by Mikko Rantanen.
19:18 of 3rd period - Shot Blocked by Trevor van Riemsdyk.
19:24 of 3rd period - Shot by Timo Meier.
19:24 of 3rd period - Deflect By Mikko Rantanen.
19:24 of 3rd period - Shot Blocked by Jake McCabe.
19:26 of 3rd period - Shot by Jakob Chychrun.
19:26 of 3rd period - Shot Misses the Net.
Goals for this period are 1 for ANAHEIM vs 0 for DALLAS.
Shots for this period are 10 for ANAHEIM vs 4 for DALLAS.

Overtime #1


0:01 of 1st overtime period - Chris Wagner wins face-off versus Lawson Crouse in neutral zone.
0:14 of 1st overtime period - Shot by Andreas Athanasiou.
0:14 of 1st overtime period - Shot Hit the Post.
0:24 of 1st overtime period - Shot by Lawson Crouse.
0:24 of 1st overtime period - Deflect By Alex Tuch.
0:24 of 1st overtime period - Stopped by Cam Talbot with a rebound.
0:30 of 1st overtime period - Shot by Andreas Athanasiou.
0:30 of 1st overtime period - Shot Blocked by Adam Boqvist.
1:13 of 1st overtime period - Shot by Kasperi Kapanen.
1:13 of 1st overtime period - Deflect By Pavel Zacha.
1:13 of 1st overtime period - Stopped by Cam Talbot with a rebound.
1:15 of 1st overtime period - Shot by Pavel Zacha.
1:15 of 1st overtime period - Shot Misses the Net.
1:17 of 1st overtime period - Shot by Pavel Zacha.
1:17 of 1st overtime period - Shot Blocked by Evgeny Kuznetsov.
1:30 of 1st overtime period - Shot by Kasperi Kapanen.
1:30 of 1st overtime period - Stopped by Cam Talbot without a rebound.
1:31 of 1st overtime period - Chris Wagner wins face-off versus Lawson Crouse in ANAHEIM zone.
1:40 of 1st overtime period - Shot by Chris Wagner.
1:40 of 1st overtime period - Shot Blocked by Adam Boqvist.
1:54 of 1st overtime period - Shot by Lawson Crouse.
1:54 of 1st overtime period - Stopped by Cam Talbot without a rebound.
1:55 of 1st overtime period - Pavel Zacha wins face-off versus Chris Wagner in ANAHEIM zone.
2:02 of 1st overtime period - Shot by Kasperi Kapanen.
2:02 of 1st overtime period - Stopped by Cam Talbot with a rebound.
2:04 of 1st overtime period - Shot by Nikita Zaitsev.
2:04 of 1st overtime period - Stopped by Cam Talbot without a rebound.
2:05 of 1st overtime period - Pavel Zacha wins face-off versus Chris Wagner in ANAHEIM zone.
3:06 of 1st overtime period - Shot by Evgeny Kuznetsov.
3:06 of 1st overtime period - Shot Misses the Net.
3:40 of 1st overtime period - Shot by Pavel Zacha.
3:40 of 1st overtime period - Stopped by Cam Talbot without a rebound.
3:41 of 1st overtime period - Evgeny Kuznetsov wins face-off versus Auston Matthews in ANAHEIM zone.
3:48 of 1st overtime period - Shot by Evgeny Kuznetsov.
3:48 of 1st overtime period - Stopped by Ben Bishop without a rebound.
3:49 of 1st overtime period - Evgeny Kuznetsov wins face-off versus Lawson Crouse in DALLAS zone.
4:40 of 1st overtime period - Shot by Chris Wagner.
4:40 of 1st overtime period - Shot Misses the Net.
4:43 of 1st overtime period - Icing by Nikita Zaitsev.
4:44 of 1st overtime period - Connor McDavid wins face-off versus Pavel Zacha in DALLAS zone.
4:47 of 1st overtime period - Shot by Andreas Athanasiou.
4:47 of 1st overtime period - Stopped by Ben Bishop without a rebound.
4:48 of 1st overtime period - Chris Wagner wins face-off versus Pavel Zacha in DALLAS zone.
4:53 of 1st overtime period - Shot by Chris Wagner.
4:53 of 1st overtime period - Shot Blocked by Nikita Zaitsev.
Goals for this period are 0 for ANAHEIM vs 0 for DALLAS.
Shots for this period are 2 for ANAHEIM vs 7 for DALLAS.

ShootOut


5:00 of 1st overtime period - Round #1.
5:00 of 1st overtime period - ANAHEIM, Connor McDavid.
5:00 of 1st overtime period - Shot Misses the Net.
5:00 of 1st overtime period - DALLAS, Auston Matthews.
5:00 of 1st overtime period - Stopped by Cam Talbot.
5:00 of 1st overtime period - Round #2.
5:00 of 1st overtime period - ANAHEIM, Evgeny Kuznetsov.
5:00 of 1st overtime period - Goal by Evgeny Kuznetsov.
5:00 of 1st overtime period - DALLAS, Mikko Rantanen.
5:00 of 1st overtime period - Goal by Mikko Rantanen.
5:00 of 1st overtime period - Round #3.
5:00 of 1st overtime period - ANAHEIM, Pierre-Luc Dubois.
5:00 of 1st overtime period - Goal by Pierre-Luc Dubois.
5:00 of 1st overtime period - DALLAS, Timo Meier.
5:00 of 1st overtime period - Goal by Timo Meier.
5:00 of 1st overtime period - Round #4.
5:00 of 1st overtime period - ANAHEIM, Jason Zucker.
5:00 of 1st overtime period - Stopped by Ben Bishop.
5:00 of 1st overtime period - DALLAS, Evgenii Dadonov.
5:00 of 1st overtime period - Goal by Evgenii Dadonov.